TOP OF THE 1ST |
New York Knights batting - Pitching for Fresno Deplorables : RHP Nelson Ortega
|
Pitching: RHP Nelson Ortega
|
|
Batting: LHB Dan Hamilton
|
0-0: Called Strike 0-1: Bunt missed! 0-2: Ground out 4-3 (Groundball, 4)
|
Batting: RHB Pepe Carrasco
|
0-0: Ball 1-0: Foul Ball, location: 2F 1-1: Swinging Strike 1-2: Foul Ball, location: 2F 1-2: Strikes out swinging
|
Batting: LHB Warren Potter
|
0-0: Fly out, F7 (Flyball, 78S)
|
Top of the 1st over - 0 run(s), 0 hit(s), 0 error(s), 0 left on base; New York 0 - Fresno 0 |
BOTTOM OF THE 1ST |
Fresno Deplorables batting - Pitching for New York Knights : RHP Dan Wilson
|
Pitching: RHP Dan Wilson
|
|
Batting: RHB Dani Vázquez
|
0-0: Ball 1-0: Ball 2-0: SINGLE (Line Drive, 9LS)
|
Batting: LHB Paul Mullins
|
0-0: DOUBLE (Flyball, 78M) Dani Vázquez to third
|
Batting: LHB Jeff Daniels
|
0-0: Called Strike 0-1: Foul Ball, location: 2F 0-2: Fly out, F7 (Flyball, 7LM) Runner from 3rd tags up, SCORES, no throw
|
Batting: LHB Troy Donaldson
|
0-0: Called Strike 0-1: Ball 1-1: SINGLE (Groundball, 34D) Paul Mullins to third
|
Batting: RHB Paco Arellano
|
0-0: Ball 1-0: Ball 2-0: Called Strike 2-1: Swinging Strike 2-2: Strikes out looking
|
Batting: RHB Manolo Román
|
0-0: Ball 1-0: Foul Ball, location: 2F 1-1: Ground out 1-3 (Groundball, P)
|
Bottom of the 1st over - 1 run(s), 3 hit(s), 0 error(s), 2 left on base; New York 0 - Fresno 1 |
TOP OF THE 2ND |
New York Knights batting - Pitching for Fresno Deplorables : RHP Nelson Ortega
|
Batting: SHB Marvin Harris
|
0-0: Called Strike 0-1: Ball 1-1: Foul Ball, location: 2F 1-2: Ball 2-2: Strikes out swinging
|
Batting: RHB Lonnie Anderson
|
0-0: Ball 1-0: Called Strike 1-1: Ground out 4-3 (Groundball, 4)
|
Batting: LHB Marcos Pérez
|
0-0: Ground out 5-3 (Groundball, 56S)
|
Top of the 2nd over - 0 run(s), 0 hit(s), 0 error(s), 0 left on base; New York 0 - Fresno 1 |
BOTTOM OF THE 2ND |
Fresno Deplorables batting - Pitching for New York Knights : RHP Dan Wilson
|
Batting: LHB Keith Beard
|
0-0: Ball 1-0: Ball 2-0: Ball 3-0: Base on Balls
|
Batting: RHB Aaron Scott
|
0-0: Foul Ball, location: 2F 0-1: Called Strike 0-2: Ball 1-2: Strikes out swinging
|
Batting: RHB R.J. Parker
|
0-0: Ball Keith Beard steals 2nd base 1-0: Called Strike 1-1: Foul Ball, location: 2F 1-2: Fly out, F8 (Flyball, 8RS)
|
Batting: RHB Dani Vázquez
|
0-0: Ball 1-0: Foul Ball, location: 2F 1-1: SINGLE (Line Drive, 8LS) Keith Beard to third Runner from 3rd tries for Home, SAFE, no throw
|
Batting: LHB Paul Mullins
|
0-0: Ball 1-0: Called Strike 1-1: Foul Ball, location: 2F 1-2: Strikes out swinging
|
Bottom of the 2nd over - 1 run(s), 1 hit(s), 0 error(s), 1 left on base; New York 0 - Fresno 2 |
TOP OF THE 3RD |
New York Knights batting - Pitching for Fresno Deplorables : RHP Nelson Ortega
|
Batting: LHB Nicholas Alston
|
0-0: Called Strike 0-1: Ground out 6-3 (Groundball, 6)
|
Batting: RHB Xavier Feliciano
|
0-0: Ball 1-0: Ball 2-0: Called Strike 2-1: Swinging Strike 2-2: Strikes out swinging
|
Batting: LHB Al Mills
|
0-0: SINGLE (Groundball, 34S) (infield hit)
|
Batting: LHB Dan Hamilton
|
0-0: Ball 1-0: Ball 2-0: Swinging Strike 2-1: Fly out, F8 (Line Drive, 8RM)
|
Top of the 3rd over - 0 run(s), 1 hit(s), 0 error(s), 1 left on base; New York 0 - Fresno 2 |
BOTTOM OF THE 3RD |
Fresno Deplorables batting - Pitching for New York Knights : RHP Dan Wilson
|
Batting: LHB Jeff Daniels
|
0-0: Called Strike 0-1: Called Strike 0-2: SINGLE (Line Drive, 6D)
|
Batting: LHB Troy Donaldson
|
0-0: Called Strike 0-1: Ball 1-1: Ball 2-1: Foul Ball, location: 2F 2-2: Fielders Choice at 2nd, 4-6 (Groundball, 4)
|
Batting: RHB Paco Arellano
|
0-0: Called Strike 0-1: Ball 1-1: Fly out, F9 (Flyball, 9S)
|
Batting: RHB Manolo Román
|
0-0: Ball 1-0: Foul Ball, location: 2F 1-1: Called Strike 1-2: Foul Ball, location: 2F 1-2: SINGLE (Groundball, 6D) Troy Donaldson to second
|
Batting: LHB Keith Beard
|
0-0: Ball 1-0: Ball 2-0: Called Strike 2-1: Ball 3-1: Swinging Strike 3-2: Fly out, F8 (Flyball, 89M)
|
Bottom of the 3rd over - 0 run(s), 2 hit(s), 0 error(s), 2 left on base; New York 0 - Fresno 2 |
TOP OF THE 4TH |
New York Knights batting - Pitching for Fresno Deplorables : RHP Nelson Ortega
|
Batting: RHB Pepe Carrasco
|
0-0: Called Strike 0-1: Foul Ball, location: 2F 0-2: Ball 1-2: Fly out, F3 (Line Drive, 34)
|
Batting: LHB Warren Potter
|
0-0: Called Strike 0-1: Ball 1-1: Ball 2-1: Foul Ball, location: 2F 2-2: Ground out 3-1 (Groundball, 34)
|
Batting: SHB Marvin Harris
|
0-0: Called Strike 0-1: Ball 1-1: Ground out 1-3 (Groundball, 13)
|
Top of the 4th over - 0 run(s), 0 hit(s), 0 error(s), 0 left on base; New York 0 - Fresno 2 |
BOTTOM OF THE 4TH |
Fresno Deplorables batting - Pitching for New York Knights : RHP Dan Wilson
|
Batting: RHB Aaron Scott
|
0-0: Ball 1-0: Ball 2-0: Called Strike 2-1: SINGLE (Groundball, 4MD)
|
Batting: RHB R.J. Parker
|
0-0: Called Strike 0-1: Foul Ball, location: 2F 0-2: Ball 1-2: Ball 2-2: Ball 3-2: Foul Ball, location: 2F 3-2: Foul Ball, location: 2F 3-2: Foul Ball, location: 2F 3-2: 2-RUN HOME RUN (Line Drive, 89XD), Distance : 391 ft
|
Batting: RHB Dani Vázquez
|
0-0: Swinging Strike 0-1: Ball 1-1: Ball 2-1: Called Strike 2-2: SINGLE (Line Drive, 7S)
|
Batting: LHB Paul Mullins
|
0-0: Ball 1-0: Called Strike 1-1: SINGLE (Groundball, 4M) (infield hit) Dani Vázquez to second
|
Batting: LHB Jeff Daniels
|
0-0: Ball 1-0: Ball 2-0: Called Strike 2-1: Foul Ball, location: 2F 2-2: Ball 3-2: SINGLE (Groundball, 4MD) Dani Vázquez to third Paul Mullins to second
|
Pitching: RHP José Navarro
|
|
Batting: LHB Troy Donaldson
|
0-0: Called Strike 0-1: Fly out, F9 (Flyball, 9) Runner from 3rd tags up, SCORES, no throw
|
Batting: RHB Paco Arellano
|
0-0: Ball 1-0: Ball 2-0: SINGLE (Groundball, 4D) Paul Mullins to third Jeff Daniels to second
|
Batting: RHB Manolo Román
|
0-0: Ball 1-0: Ball 2-0: Foul Ball, location: 2F 2-1: SINGLE (Groundball, 6MD) Paul Mullins scores Jeff Daniels to third Paco Arellano to second Runner from 3rd tries for Home, SAFE, throw made at trailing runner, OUT at third!
|
Batting: LHB Keith Beard
|
0-0: Fly out, F8 (Line Drive, 8RM)
|
Bottom of the 4th over - 5 run(s), 7 hit(s), 0 error(s), 1 left on base; New York 0 - Fresno 7 |
TOP OF THE 5TH |
New York Knights batting - Pitching for Fresno Deplorables : RHP Nelson Ortega
|
Batting: RHB Lonnie Anderson
|
0-0: Called Strike 0-1: Foul Ball, location: 2F 0-2: Ball 1-2: Fly out, F9 (Flyball, 9)
|
Batting: LHB Marcos Pérez
|
0-0: Called Strike 0-1: Foul Ball, location: 2F 0-2: Foul Ball, location: 2F 0-2: Ball 1-2: Strikes out looking
|
Batting: LHB Nicholas Alston
|
0-0: Reached via error on a dropped throw, E1
|
Batting: RHB Xavier Feliciano
|
0-0: Ball Nicholas Alston is caught stealing 2nd base
|
Top of the 5th over - 0 run(s), 0 hit(s), 1 error(s), 0 left on base; New York 0 - Fresno 7 |
BOTTOM OF THE 5TH |
Fresno Deplorables batting - Pitching for New York Knights : RHP José Navarro
|
Batting: RHB Aaron Scott
|
0-0: Ball 1-0: Called Strike 1-1: SINGLE (Line Drive, 4D)
|
Batting: RHB R.J. Parker
|
0-0: Called Strike 0-1: Ball 1-1: Swinging Strike 1-2: Foul Ball, location: 2F 1-2: Ball 2-2: Grounds into double play, 4-6-3 (Groundball, 4)
|
Batting: RHB Dani Vázquez
|
0-0: Ball 1-0: Ball 2-0: Ball 3-0: Called Strike 3-1: Base on Balls
|
Batting: LHB Paul Mullins
|
0-0: Called Strike 0-1: Ball 1-1: Single, Error in OF, E8, batter to second base Dani Vázquez to third
|
Batting: LHB Jeff Daniels
|
0-0: Swinging Strike 0-1: Ball 1-1: Ball 2-1: Foul Ball, location: 2F 2-2: Ball 3-2: Foul Ball, location: 2F 3-2: Fly out, F1 (Line Drive, 13)
|
Bottom of the 5th over - 0 run(s), 2 hit(s), 1 error(s), 2 left on base; New York 0 - Fresno 7 |
TOP OF THE 6TH |
New York Knights batting - Pitching for Fresno Deplorables : RHP Nelson Ortega
|
Batting: RHB Xavier Feliciano
|
0-0: Ball 1-0: Ground out 6-3 (Groundball, 6)
|
Batting: LHB Al Mills
|
0-0: Swinging Strike 0-1: Foul Ball, location: 2F 0-2: Fly out, F6 (Line Drive, 6)
|
Batting: LHB Dan Hamilton
|
0-0: Ball 1-0: Foul Ball, location: 2F 1-1: Ball 2-1: Ground out 6-3 (Groundball, 6M)
|
Top of the 6th over - 0 run(s), 0 hit(s), 0 error(s), 0 left on base; New York 0 - Fresno 7 |
BOTTOM OF THE 6TH |
Fresno Deplorables batting - Pitching for New York Knights : RHP José Navarro
|
Batting: LHB Troy Donaldson
|
0-0: Ball 1-0: Called Strike 1-1: Foul Ball, location: 2F 1-2: Ball 2-2: Fly out, F9 (Flyball, 9LD)
|
Batting: RHB Paco Arellano
|
0-0: Ball 1-0: Fly out, F8 (Flyball, 8RD)
|
Batting: RHB Manolo Román
|
0-0: Ball 1-0: Called Strike 1-1: Called Strike 1-2: Foul Ball, location: 2F 1-2: Strikes out looking
|
Bottom of the 6th over - 0 run(s), 0 hit(s), 0 error(s), 0 left on base; New York 0 - Fresno 7 |
TOP OF THE 7TH |
New York Knights batting - Pitching for Fresno Deplorables : RHP Nelson Ortega
|
Batting: RHB Pepe Carrasco
|
0-0: Swinging Strike 0-1: Ball 1-1: Ball 2-1: Foul Ball, location: 2F 2-2: Ball 3-2: Base on Balls
|
Batting: LHB Warren Potter
|
0-0: Called Strike 0-1: Ball 1-1: Ball 2-1: Ball 3-1: Swinging Strike 3-2: Fly out, F7 (Flyball, 7)
|
Batting: SHB Marvin Harris
|
0-0: Ball 1-0: Foul Ball, location: 2F 1-1: Foul Ball, location: 2F 1-2: Foul Ball, location: 2F 1-2: Ball 2-2: Fly out, F7 (Flyball, 7LS)
|
Batting: RHB Lonnie Anderson
|
0-0: Called Strike 0-1: Swinging Strike 0-2: Ball 1-2: Fly out, F4 (Line Drive, 4)
|
Top of the 7th over - 0 run(s), 0 hit(s), 0 error(s), 1 left on base; New York 0 - Fresno 7 |
BOTTOM OF THE 7TH |
Fresno Deplorables batting - Pitching for New York Knights : RHP José Navarro
|
Pitching: RHP Ramiro Pińa
|
|
Batting: LHB Keith Beard
|
0-0: Foul Ball, location: 2F 0-1: Foul Ball, location: 2F 0-2: Foul Ball, location: 2F 0-2: Ball 1-2: Ground out 3-1 (Groundball, 3D)
|
Batting: RHB Aaron Scott
|
0-0: Ball 1-0: Called Strike 1-1: Ball 2-1: Ball 3-1: Called Strike 3-2: Foul Ball, location: 2F 3-2: Ground out 4-3 (Groundball, 4)
|
Batting: RHB R.J. Parker
|
0-0: Foul Ball, location: 2F 0-1: Foul Ball, location: 2F 0-2: SINGLE (Groundball, 6MD)
|
Batting: RHB Dani Vázquez
|
0-0: Fielders Choice at 2nd, 6-4 (Groundball, 56)
|
Bottom of the 7th over - 0 run(s), 1 hit(s), 0 error(s), 0 left on base; New York 0 - Fresno 7 |
TOP OF THE 8TH |
New York Knights batting - Pitching for Fresno Deplorables : RHP Nelson Ortega
|
Batting: LHB Marcos Pérez
|
0-0: Ball 1-0: SINGLE (Line Drive, 6MD)
|
Batting: LHB Nicholas Alston
|
0-0: Ball 1-0: Fielders Choice at 2nd, 3-6 (Groundball, 3)
|
Batting: RHB Xavier Feliciano
|
0-0: SINGLE (Groundball, 6MD) Nicholas Alston to second
|
Batting: LHB Al Mills
|
0-0: Ball 1-0: Ball 2-0: Swinging Strike 2-1: Swinging Strike 2-2: Strikes out swinging
|
Batting: LHB Dan Hamilton
|
0-0: Called Strike 0-1: Ground out 1-3 (Groundball, 13S)
|
Top of the 8th over - 0 run(s), 2 hit(s), 0 error(s), 2 left on base; New York 0 - Fresno 7 |
BOTTOM OF THE 8TH |
Fresno Deplorables batting - Pitching for New York Knights : RHP Ramiro Pińa
|
Batting: LHB Paul Mullins
|
0-0: Ball 1-0: Foul Ball, location: 2F 1-1: Ball 2-1: Foul Ball, location: 2F 2-2: Ball 3-2: Base on Balls
|
Batting: LHB Jeff Daniels
|
0-0: Called Strike 0-1: Ball 1-1: Ball 2-1: Ball 3-1: Base on Balls Paul Mullins to second
|
Batting: LHB Troy Donaldson
|
0-0: Called Strike 0-1: Ball 1-1: Swinging Strike 1-2: Ball 2-2: SINGLE (Flyball, 89S) Paul Mullins to third Jeff Daniels to second
|
Batting: RHB Paco Arellano
|
0-0: Ball 1-0: Ball 2-0: Foul Ball, location: 2F 2-1: Swinging Strike 2-2: Ball 3-2: Foul Ball, location: 2F 3-2: Base on Balls Paul Mullins scores Jeff Daniels to third Troy Donaldson to second
|
Batting: RHB Manolo Román
|
0-0: Fly out, F2 (Popup, 5S)
|
Batting: LHB Keith Beard
|
0-0: Foul Ball, location: 2F 0-1: Foul Ball, location: 2F 0-2: Ball 1-2: Foul Ball, location: 2F 1-2: Fielders Choice at 2nd, 3-6 (Groundball, 3) Jeff Daniels scores Troy Donaldson to third
|
Batting: RHB Aaron Scott
|
0-0: Ball 1-0: Ball 2-0: Called Strike 2-1: Ball 3-1: Base on Balls Keith Beard to second
|
Batting: RHB R.J. Parker
|
0-0: Foul Ball, location: 2F 0-1: Called Strike 0-2: Ball 1-2: Foul Ball, location: 2F 1-2: Fly out, F2 (Popup, 25)
|
Bottom of the 8th over - 2 run(s), 1 hit(s), 0 error(s), 3 left on base; New York 0 - Fresno 9 |
TOP OF THE 9TH |
New York Knights batting - Pitching for Fresno Deplorables : RHP Nelson Ortega
|
Batting: RHB Pepe Carrasco
|
0-0: Called Strike 0-1: Foul Ball, location: 2F 0-2: Ball 1-2: Ground out 4-3 (Groundball, 4)
|
Batting: LHB Warren Potter
|
0-0: Ball 1-0: Ground out 6-3 (Groundball, 6M)
|
Batting: SHB Marvin Harris
|
0-0: Called Strike 0-1: Ball 1-1: Called Strike 1-2: Strikes out looking
|
Top of the 9th over - 0 run(s), 0 hit(s), 0 error(s), 0 left on base; New York 0 - Fresno 9 |
|